 Dungeon Crawl Stone Soup version 0.28-a0-622-gbaef9634d7 (webtiles) character file.

Game seed: 4328988448871851487

48 tilp the Conjurer (level 3, -1/14 HPs)
             Began as a Felid Hedge Wizard on Oct 7, 2021.
             Slain by Terence (9 damage)
             ... on level 3 of the Dungeon.
             The game lasted 00:02:15 (3132 turns).

tilp the Conjurer (Felid Hedge Wizard)              Turns: 3132, Time: 00:02:16

Health: -1/14      AC:  1    Str:  6    XL:     3   Next: 50%
Magic:  0/8        EV: 17    Int: 16    God:
Gold:   104        SH:  0    Dex: 15    Spells: 1/8 levels left
                                        Lives:  0   Deaths: 0

rFire   . . .      SeeInvis +   (weapon unavailable)
rCold   . . .      Faith    .   (shield unavailable)
rNeg    . . .      Spirit   .   (armour unavailable)
rPois   .          Reflect  .   (helmet unavailable)
rElec   .          Harm     .   (cloak unavailable)
rCorr   .          Rampage  .   (gloves unavailable)
Will    .....                   (boots unavailable)
Stlth   ++........              (no amulet)
HPRegen 0.04/turn               (no ring)
MPRegen 0.11/turn               (no ring)

@: quick
A: very small, claws 1, fangs 3, see invisible, speed 1, shaggy fur 1, stealthy
paws, no weapons or thrown items, no armour, multi-lived
a: no special abilities


You were on level 3 of the Dungeon.
You visited 1 branch of the dungeon, and saw 3 of its levels.

You collected 104 gold pieces.

Inventory:

Wands
 b - a wand of digging (4)
Scrolls
 a - a scroll of amnesia
Potions
 c - a potion of heal wounds {unknown}
 d - 2 potions of curing
 e - a potion of might {unknown}
 f - a potion of resistance {unknown}


   Skills:
 - Level 2.6 Dodging
 - Level 2.6 Stealth
 - Level 3.0 Spellcasting
 + Level 3.1 Conjurations
 - Level 1.0 Summonings
 - Level 1.5 Translocations


You had one spell level left.
You knew the following spells:

 Your Spells              Type           Power      Damage    Failure   Level
a - Magic Dart            Conj           48%        1d5       4%          1
b - Call Imp              Summ           5%         N/A       19%         2
c - Blink                 Tloc           N/A        N/A       16%         2
d - Slow                  Hex            2%         N/A       28%         2

Your spell library contained the following spells:

 Spells                   Type           Power      Damage    Failure   Level
 Conjure Flame            Conj/Fire      7%         6-21      28%         3
 Mephitic Cloud           Conj/Pois/Air  5%         N/A       36%         3
 Ignite Poison            Fire/Tmut/Pois 2%         N/A       50%         3
 Freezing Cloud           Conj/Ice/Air   2%         6-21      98%         5


Dungeon Overview and Level Annotations

Branches:
Dungeon (3/15)

Altars:

Shops:
D:2 (

Annotations:
D:3 Terence


Innate Abilities, Weirdness & Mutations

You have sharp claws.
You have razor-sharp teeth.
You have supernaturally acute eyesight. (SInv)
You cover ground quickly. (Speed+)
You are covered in fur. (AC +1)
Your paws help you pounce on unaware monsters.
You are incapable of wielding weapons or throwing items.
You cannot wear armour.
You gain extra lives every three experience levels.


Message History

Terence is moderately wounded.
A ball python comes into view.
Casting: Magic Dart (safe; 4% risk of failure)
Confirm with . or Enter, or press ? or * to list all spells.
Aiming: Magic Dart (safe; 4% risk of failure)
Press: ? - help, Shift-Dir - straight line, f/p - Terence
Aim: Terence, wielding a +0 falchion and wearing a +0 scale mail (moderately wounded, ally target, 100% to hit)
The magic dart hits Terence.
Terence is moderately wounded.
The ball python hisses angrily.
Casting: Magic Dart (safe; 4% risk of failure)
Confirm with . or Enter, or press ? or * to list all spells.
Aiming: Magic Dart (safe; 4% risk of failure)
Press: ? - help, Shift-Dir - straight line, f/p - Terence
Aim: Terence, wielding a +0 falchion and wearing a +0 scale mail (moderately wounded, ally target, 100% to hit)
The magic dart hits Terence but does no damage.
Terence is moderately wounded.
Terence hits you with a +0 falchion.
Your iron imp hits Terence.
You scratch Terence but do no damage.
Terence is severely wounded.
Terence barely misses you.
Your iron imp hits Terence but does no damage.
Your magical contamination has completely faded away.
Unknown command.
You closely miss Terence.
Terence is severely wounded.
Terence asks, "Do you want it fast or slow?"
Terence barely misses you.
Unknown command.
Casting: Magic Dart (safe; 4% risk of failure)
Confirm with . or Enter, or press ? or * to list all spells.
Aiming: Magic Dart (safe; 4% risk of failure)
Press: ? - help, Shift-Dir - straight line, f/p - Terence
Aim: Terence, wielding a +0 falchion and wearing a +0 scale mail (severely wounded, ally target, 100% to hit)
The magic dart hits Terence but does no damage.
Terence is severely wounded.
Terence says, "Rest in peace."
Terence hits you with a +0 falchion!
Ouch! That really hurt!
You die...

.. .# .#
.# # .#
##.#
##.#.....
#........
#@5# #@S#
#....
.!.....
..##.#..#
.... ..
.. .###
.. > #.
###


You could see Terence (ally target), a ball python and a friendly iron imp
(summoned).

Vanquished Creatures
  3 dart slugs
  9 endoplasms
  A giant cockroach (D:2)
  4 goblins
  4 hobgoblins (D:1)
  2 quokkas (D:1)
  A ball python (D:1)
  6 bats
  3 frilled lizards
  A kobold (D:2)
  2 rats (D:2)
36 creatures vanquished.

Notes
Turn   | Place    | Note
-------+----------+-------------------------------------------
     0 | D:1      | tilp the Felid Hedge Wizard began the quest for the Orb.
     0 | D:1      | Reached XP level 1. HP: 7/7 MP: 5/5
     1 | D:1      | Noticed an electric eel
   125 | D:1      | Reached skill level 1 in Conjurations
   496 | D:1      | Reached XP level 2. HP: 11/11 MP: 0/7
   499 | D:1      | Learned a level 2 spell: Call Imp
   502 | D:1      | Learned a level 2 spell: Blink
   505 | D:1      | Learned a level 2 spell: Slow
  1967 | D:2      | Reached XP level 3. HP: 14/14 MP: 5/8
  2676 | D:2      | Found Xojedi's Antique Weapon Shop.
  3097 | D:2      | Found a faded altar of an unknown god.
  3122 | D:3      | Noticed Terence
  3132 | D:3      | Slain by Terence

Illustrated notes

Levels and vault maps discovered:
D:1:      arrival_aquarium_a, layout_rooms, serial_forest,
          infiniplex_forest_clump_small, infiniplex_forest_split,
          infiniplex_forest_lined_room_2, infiniplex_forest_clump_curved,
          infiniplex_forest_corner_2, infiniplex_forest_clump_cross,
          infiniplex_forest_clump_long, infiniplex_forest_clump_diagonal,
          minmay_quantized
D:2:      minmay_door_path, layout_basic,
          shapermc_ecumenical_altar_mp_urbaneastern, serial_shops,
          nicolae_lakefront_shop
D:3:      layout_loops_ring, uniq_crazy_yiuf_cottage, uniq_terence

Skill      XL: |  1  2  3 |
---------------+----------+-----
Conjurations   | 1 2 3 |  3.1
Dodging        | |  2.6
Stealth        | |  2.6
Spellcasting   | |  3.0
Summonings     | |  1.0
Translocations | |  1.5

Action                   || total
-------------------------++-------
Melee: Unarmed           ||     3
 Cast: Magic Dart        ||   106
       Call Imp          ||     1
  Use: Scroll            ||     4
Armor: Skin              ||     1
Dodge: Dodged            ||    14

Table legend: (Time is in decaauts)
 A = Elapsed time spent in this place.
 B = Non-inter-level travel time spent in this place.
 C = Inter-level travel time spent in this place.
 D = Time resting spent in this place.
 E = Time spent auto-exploring this place.
 F = Levels seen in this place.
 G = Mean time per level.
                   A        B        C        D        E       F      G
               +--------+--------+--------+--------+--------+-----+--------+
         Total |   2826 |   2789 |     37 |    284 |   2312 |   3 |  942.0 |
       Dungeon |   2826 |   2789 |     37 |    284 |   2312 |   3 |  942.0 |
               +--------+--------+--------+--------+--------+-----+--------+

Top non-repeatable levels by time:
     D:1: 1641 daAuts
     D:2: 1175 daAuts
     D:3: 9 daAuts
